 Dungeon Crawl Stone Soup version 0.32-a0-913-g739538afd8 (webtiles) character file.

Game seed: 6448201408868704021

1461 porpoise the Spear-Bearer (level 8, -2/65 HPs)
             Began as a Demonspawn Gladiator on Apr 10, 2024.
             Incinerated by a bombardier beetle (4 damage)
             ... with a burning spray
             ... on level 6 of the Dungeon.
             The game lasted 00:17:44 (6698 turns).

porpoise the Spear-Bearer (Demonspawn Gladiator)    Turns: 6698, Time: 00:17:44

Health: -2/65      AC:  6    Str: 17    XL:     8   Next: 48%
Magic:  8/8        EV: 10    Int:  9    God:
Gold:   256        SH:  0    Dex: 14    Spells: 7/7 levels left

rFire   . . .        a - +0 trident
rCold   . . .        (no shield)
rNeg    . . .        k - +1 ring mail
rPois   .            (helmet restricted)
rElec   .            (no cloak)
rCorr   .            (no gloves)
SInv    .            (no boots)
Will    .....        (no amulet)
Stlth   +            (no ring)
HPRegen 0.30/turn    (no ring)
MPRegen 0.22/turn

%: no passive effects
@: lethally poisoned (-2 -> -23), on fire, glowing, studying Shields
A: antennae 2, magic regeneration, condensation shield
a: no special abilities


You were on level 6 of the Dungeon.
You visited 1 branch of the dungeon, and saw 6 of its levels.

You collected 256 gold pieces.

Inventory:

Hand Weapons
 a - a +0 trident (weapon)
 b - a +0 sling
 y - a +0 orcbow
Missiles
 d - 2 throwing nets (quivered)
 e - a javelin
 f - 2 darts of dispersal
 n - 10 poisoned darts
 s - 6 boomerangs
Armour
 k - a +1 ring mail (worn)
 p - a +0 leather armour
 B - a +0 kite shield
Jewellery
 c - a ring of ice
 x - a ring of wizardry
Wands
 t - a wand of polymorph (4)
 z - a wand of quicksilver (17)
Scrolls
 h - a scroll of blinking
 i - 3 scrolls of identify
 j - 2 scrolls of enchant armour
 m - 2 scrolls of immolation
 r - a scroll of revelation {unknown}
 u - a scroll of noise {unknown}
 v - a scroll of fear {unknown}
 w - a scroll of vulnerability
 A - a scroll of poison
Potions
 l - a potion of lignification
 q - a potion of attraction


   Skills:
 + Level 6.4 Fighting
 * Level 8.4 Polearms
 - Level 1.7 Throwing
 - Level 2.6 Dodging
 + Level 0.4 Shields


You had 7 spell levels left.
You didn't know any spells.
Your spell library contained the following spells:

 Spells                   Type           Power      Damage    Failure   Level
 Blink                    Tloc           0%         N/A       75%         2
 Cigotuvi's Dreadful Rot  Necr/Alch/Air  0%         N/A       75%         2
 Lesser Beckoning         Tloc           0%         N/A       75%         2
 Momentum Strike          Conj/Tloc      0%         3d8       75%         2
 Ignite Poison            Fire/Alch      0%         N/A       100%        4
 Vhi's Electric Charge    Tloc/Air       0%         N/A       100%        4
 Freezing Cloud           Conj/Ice/Air   0%         6-21      100%        5
 Dispersal                Tloc           0%         N/A       100%        6
 Haunt                    Necr/Summ      0%         N/A       100%        7
 Borgnjor's Revivificati  Necr           0%         N/A       100%        8
 Death's Door             Necr           0%         N/A       100%        9


Dungeon Overview and Level Annotations

Branches:
Dungeon (6/15)
 Temple: D:4-7

Altars:
Cheibriados
Sif Muna
Trog
Uskayaw
Wu Jian
Yredelemnul

Shops:
D:4 =


Innate Abilities, Weirdness & Mutations

You have a pair of antennae on your head.
You regenerate magic rapidly.
A meltable shield of frost defends you. (SH +0)


Message History

You feel sick.
The water moccasin bites you but does no damage.
The water moccasin bites you.
You shake off the liquid fire.
You feel sick.
You hit the water moccasin.
The water moccasin is heavily wounded.
You feel sick. The water moccasin closely misses you.
You hit the water moccasin.
The water moccasin is severely wounded.
You feel sick.
The water moccasin bites you but does no damage.
The water moccasin bites you.
You are more poisoned.
The water moccasin poisons you!
You miss the water moccasin.
The water moccasin is severely wounded.
You feel very sick. The water moccasin bites you.
* * * LOW HITPOINT WARNING * * *
You are lethally poisoned!
The water moccasin poisons you!
You barely miss the water moccasin.
The water moccasin is severely wounded.
* * * LOW HITPOINT WARNING * * *
You feel very sick. The water moccasin bites you.
* * * LOW HITPOINT WARNING * * *
You closely miss the water moccasin.
The water moccasin is severely wounded.
* * * LOW HITPOINT WARNING * * *
You feel very sick. The water moccasin closely misses you.
The bombardier beetle sprays incendiary fluid at you.
The burning spray hits you.
You are covered in liquid fire!
You barely miss the water moccasin.
The water moccasin is severely wounded.
The liquid fire burns you!
You die...

#........##..##....###.##..#
#.#..#...##..##.B..###.# ..#
..#.###......'.......... ..+
#.#...#......#...{....... ##
#..####..##..##..##.####..
#.#..#..##...###+##B######+
#.......##...##.........
###############.S.......
#..@....... ##..##...## #..#
...# .... ...# #.... ...#
#..... ..# #..... #######


You could see a water moccasin and a bombardier beetle.

Vanquished Creatures
  Sigmund (D:4)
  3 ice beasts
  An ogre (D:5)
  A centaur (D:5)
  A bullfrog (D:5)
  3 scorpions
  5 hounds
  2 gnoll boudas
  Natasha (thrice) (D:3)
  An orc wizard (D:4)
  3 iguanas (D:5)
  8 adders
  4 gnolls
  A shadow imp (D:5)
  A white imp (D:6)
  2 ufetubi (D:3)
  2 dart slugs
  2 ribbon worms
  17 orcs
  A bat (D:3)
  2 endoplasms
  2 giant cockroaches
  11 goblins
  5 hobgoblins
  3 jackals (D:5)
  7 quokkas
  8 ball pythons
  3 frilled lizards
  7 kobolds
  4 rats
114 creatures vanquished.

Notes
Turn   | Place    | Note
-------+----------+-------------------------------------------
     0 | D:1      | porpoise the Demonspawn Gladiator began the quest for the
                  | Orb.
     0 | D:1      | Reached XP level 1. HP: 16/16 MP: 1/1
   138 | D:1      | Reached skill level 3 in Polearms
   214 | D:1      | Got Nebbayj's Compendium of Nonlocality
   270 | D:1      | Gained mutation: You have a pair of small antennae on your
                  | head. [demonic ancestry]
   270 | D:1      | Reached XP level 2. HP: 19/22 MP: 2/2
   533 | D:1      | HP: 1/23 [gnoll/+0 spear (5)]
   638 | D:1      | Reached XP level 3. HP: 25/28 MP: 3/3
  1190 | D:2      | Found a faded altar of an unknown god.
  1739 | D:3      | Reached skill level 4 in Polearms
  1747 | D:3      | Reached XP level 4. HP: 34/34 MP: 4/4
  1780 | D:3      | Found an ornate altar of the Wu Jian Council.
  2107 | D:3      | Found a snail-covered altar of Cheibriados.
  2328 | D:3      | Noticed Natasha
  2337 | D:3      | Killed Natasha
  2383 | D:3      | Found a bloodstained altar of Trog.
  2573 | D:3      | Noticed Natasha
  2577 | D:3      | Killed Natasha
  2578 | D:3      | Reached XP level 5. HP: 35/41 MP: 5/5
  2658 | D:3      | Noticed Natasha
  2673 | D:3      | Killed Natasha
  2932 | D:4      | Noticed Sigmund
  2942 | D:4      | Killed Sigmund
  2943 | D:4      | Reached skill level 5 in Polearms
  2943 | D:4      | Gained mutation: You have a pair of antennae on your head.
                  | [demonic ancestry]
  2943 | D:4      | Reached XP level 6. HP: 35/48 MP: 6/6
  3508 | D:4      | Found Doxkyfy's Jewellery Shop.
  3677 | D:4      | Reached skill level 6 in Polearms
  3916 | D:5      | Entered Level 5 of the Dungeon
  4102 | D:5      | Gained mutation: A meltable shield of frost defends you.
                  | (SH +0) [demonic ancestry]
  4102 | D:5      | Reached XP level 7. HP: 5/55 MP: 7/7
  4483 | D:5      | Reached skill level 5 in Fighting
  4618 | D:5      | Found a shimmering blue altar of Sif Muna.
  4835 | D:5      | Reached skill level 7 in Polearms
  5039 | D:5      | Gained mutation: You regenerate magic rapidly. [demonic
                  | ancestry]
  5039 | D:5      | Reached XP level 8. HP: 51/63 MP: 8/8
  5442 | D:6      | Found a hide-covered altar of Uskayaw.
  5443 | D:6      | Noticed a +0 short sword
  5443 | D:6      | Noticed a +0 dagger
  5443 | D:6      | Noticed a +0 falchion
  5444 | D:6      | Noticed a +0 falchion
  5444 | D:6      | Noticed a +0 spear
  5445 | D:6      | Noticed a +0 short sword
  5445 | D:6      | Noticed a +0 spear
  5445 | D:6      | Noticed a +0 dagger
  5488 | D:6      | Reached skill level 8 in Polearms
  6361 | D:6      | Found a basalt altar of Yredelemnul.
  6697 | D:6      | HP: 2/65 [poisoned by a water moccasin]
  6698 | D:6      | Incinerated by a bombardier beetle

Illustrated notes

Levels and vault maps discovered:
D:1:      orjb1_clovarrival, layout_loops_ring
D:2:      layout_basic, hellmonk_ecumenical_altar_pennies_from_heaven,
          minmay_pentomino_w2
D:3:      layout_loops_ring, mainiacjoe_overflow_catwalk_spiral,
          mainiacjoe_overflow_catch_the_wave, minmay_misc_feat_chi, uniq_natasha
D:4:      layout_rooms, serial_shops, shop, serial_aquarium,
          aquarium_bridge_square [aquarium_subvault_bridge,
          aquarium_subvault_window, aquarium_subvault_wall,
          aquarium_subvault_wall], aquarium_window_corner, aquarium_window_3,
          aquarium_window_fake, aquarium_view_2d, aquarium_balcony_3b,
          aquarium_pool_2, nrook_mini_vaults, kennysheep_generic_room_15,
          uniq_sigmund
D:5:      minmay_chambers_of_threes, layout_loops_ring, kennysheep_mini,
          minmay_manual_mail
D:6:      layout_gridville, kennysheep_ying_yang, nicolae_uskayaw_en_pointe,
          palyth_stone_intersect, minmay_misc_feat_square

Skill      XL: |  1  2  3  4  5  6  7  8 |
---------------+-------------------------+-----
Polearms       | 3 4 5 6 7 8 |  8.4
Fighting       | 3 4 5 6 |  6.4
Throwing       | |  1.7
Dodging        | |  2.6
Shields        | |  0.4

Action                     |  1- 3 |  4- 6 |  7- 9 || total
---------------------------+-------+-------+-------++-------
  Melee: Trident           |   154 |   168 |   251 ||   573
         Unarmed           |       |     9 |       ||     9
   Fire: Sling             |    10 |    11 |       ||    21
  Throw: Throwing net      |       |     1 |       ||     1
    Use: Potion            |     1 |     1 |     2 ||     4
         Scroll            |       |     8 |     3 ||    11
   Stab: Sleeping          |     1 |       |       ||     1
         Distracted        |       |     1 |       ||     1
         Held in net/web   |       |     1 |       ||     1
 Armour: Leather armour    |    20 |       |       ||    20
         Ring mail         |    62 |   126 |   140 ||   328
         Skin              |       |     5 |       ||     5
  Dodge: Dodged            |    60 |   111 |    87 ||   258
  Block: Other             |       |       |    26 ||    26

Table legend: (Time is in decaauts)
 A = Elapsed time spent in this place.
 B = Non-inter-level travel time spent in this place.
 C = Inter-level travel time spent in this place.
 D = Time resting spent in this place.
 E = Time spent auto-exploring this place.
 F = Levels seen in this place.
 G = Mean time per level.
                   A        B        C        D        E       F      G
               +--------+--------+--------+--------+--------+-----+--------+
         Total |   6726 |   6557 |    169 |   2121 |   3287 |   6 | 1121.0 |
       Dungeon |   6726 |   6557 |    169 |   2121 |   3287 |   6 | 1121.0 |
               +--------+--------+--------+--------+--------+-----+--------+

Top non-repeatable levels by time:
     D:5: 1505 daAuts
     D:6: 1256 daAuts
     D:3: 1194 daAuts
     D:4: 1109 daAuts
     D:2: 864 daAuts
     D:1: 795 daAuts
